 Dungeon Crawl Stone Soup version 0.22-a0-605-g9281fa2 (webtiles) character file.

6 Amnesiac the Ducker (level 1, 0/9 HPs)
             Began as a Spriggan Transmuter on July 8, 2018.
             Slain by a hobgoblin (4 damage)
             ... on level 1 of the Dungeon.
             The game lasted 00:00:36 (155 turns).

Amnesiac the Ducker (Spriggan Transmuter)            Turns: 155, Time: 00:00:37

Health: 0/9        AC:  0    Str:  6    XL:     1   Next: 75%
Magic:  4/5        EV: 18    Int: 14    God:
Gold:   35         SH:  0    Dex: 16    Spells: 4/5 levels left

rFire    . . .     SeeInvis +     - Unarmed
rCold    . . .     Gourm    .   (shield restricted)
rNeg     . . .     Faith    .   b - +0 robe
rPois    .         Spirit   .   (helmet restricted)
rElec    .         Reflect  .   e - +0 cloak
rCorr    .         Harm     .   (gloves unavailable)
MR       .....                  (boots unavailable)
Stlth    +.........             (no amulet)
HPRegen  0.03/turn              c - -3 ring of protection (curse)
MPRegen  0.09/turn              (no ring)

@: appendage (expiring), very quick
A: very small, unfitting armour, horns 2, see invisible, herbivore, speed 3,
slow metabolism 2
a: End Transformation


You were on level 1 of the Dungeon.
You were not hungry.
You had grown temporary horns.
You visited 1 branch of the dungeon, and saw 1 of its levels.

You collected 35 gold pieces.

Inventory:

Missiles
 a - 12 arrows
Armour
 b - a +0 robe (worn)
 e - a +0 cloak (worn)
Jewellery
 c - a cursed -3 ring of protection (left hand)
Scrolls
 g - a scroll of teleportation {!r, unknown}
Comestibles
 d - a ration


   Skills:
 + Level 0.9 Fighting
 * Level 3.3 Dodging
 - Level 2.4 Unarmed Combat
 + Level 2.8 Spellcasting
 + Level 2.8 Transmutations


You had 4 spell levels left.
You knew the following spells:

 Your Spells              Type           Power        Failure   Level  Hunger
a - Beastly Appendage     Tmut           ##....       7%          1    #......

Your spell library contained the following spells:

 Spells                   Type           Power        Failure   Level  Hunger
 Spider Form              Tmut/Pois      #.........   36%         3    ###....
 Blade Hands              Tmut           ##........   88%         5    ######.
 Ice Form                 Ice/Tmut       #.......     77%         4    #####..
 Sticks to Snakes         Tmut           ##......     10%         2    ##.....


Dungeon Overview and Level Annotations

Branches:
Dungeon (1/15)

Altars:


Innate Abilities, Weirdness & Mutations

You are very small and have problems with some larger weapons.
You are too small for most types of armour.
You have supernaturally acute eyesight. (SInv)
You are a herbivore.
You cover ground extremely quickly.
You need to consume almost no food.
You have a pair of horns on your head.


Message History

A hobgoblin comes into view.
The kobold throws a stone.
The stone hits you.
You hear a shout!
Your transformation is almost over.
Found a stone staircase leading down.
A giant cockroach comes into view.
Casting: Beastly Appendage (safe; 7% risk of failure)
Confirm with . or Enter, or press ? or * to list all spells.
You extend your transformation's duration.
Your transformation is almost over.
You hit the giant cockroach.
The giant cockroach is moderately wounded.
The giant cockroach bites you.
You barely miss the giant cockroach.
The giant cockroach is moderately wounded.
The giant cockroach closely misses you.
You closely miss the giant cockroach.
You claw the giant cockroach, but do no damage.
The giant cockroach is moderately wounded.
The giant cockroach bites you.
* * * LOW HITPOINT WARNING * * *
You closely miss the giant cockroach.
The giant cockroach is moderately wounded.
The giant cockroach completely misses you.
You hit the giant cockroach but do no damage.
You claw the giant cockroach, but do no damage.
The giant cockroach is moderately wounded.
The giant cockroach bites you.
* * * LOW HITPOINT WARNING * * *
You hit the giant cockroach.
The giant cockroach is severely wounded.
The giant cockroach barely misses you. x2
You hit the giant cockroach.
You kill the giant cockroach!
You see here a giant cockroach corpse.
No target in view!
You start resting.
Magic restored.
You start resting.
Your talons disappear.
You start resting.
The kobold is too close now for your liking.
There are monsters nearby!
Casting: Beastly Appendage (safe; 7% risk of failure)
Confirm with . or Enter, or press ? or * to list all spells.
You grow a pair of large bovine horns.
Your transformation is almost over.
You hit the goblin.
You kill the goblin!
You closely miss the kobold. You barely miss the kobold.
You headbutt the kobold.
The kobold is heavily wounded.
The kobold misses you.
You closely miss the kobold.
The kobold is heavily wounded.
The kobold barely misses you.
You hit the kobold but do no damage.
The kobold is heavily wounded.
The kobold misses you. The hobgoblin closely misses you.
You hit the kobold.
You kill the kobold!
The hobgoblin closely misses you. The hobgoblin hits you.
You die...

*,,,,,* **,,,,,*
,,,,,,,*#########
,*,,,,,*#.......#
>,,*,***#.......### ,*,*,*
#.........# ,*,*,* #.........#
,*,*,* *#.......g.# ,*,*,*
*........@.# ,*,*,* *.....>..###
,*,*,***........# ###########
+*,,,,,,........#######..........
,,,,,,,,..#......................
,,,,,,,,.,#....#######...###...##
,,,,,,,,,,+....,..* #..†# #...#
,,,,,,,,*,#....##.####...###...##
,,,,,,,,*,#.....(...##...........


You could see a hobgoblin.

Vanquished Creatures
  A giant cockroach (D:1)
  A goblin (D:1)
  2 kobolds (D:1)
  A frilled lizard (D:1)
5 creatures vanquished.

Notes
Turn   | Place    | Note
-------+----------+-------------------------------------------
     0 | D:1      | Amnesiac the Spriggan Transmuter began the quest for the Orb.
     0 | D:1      | Reached XP level 1. HP: 9/9 MP: 5/5
   155 | D:1      | Slain by a hobgoblin

Vault maps used:
D:1:      roderic_dead_forest, kennysheep_boxes

Action                   || total
-------------------------++-------
Melee: Unarmed           ||    17
       Kick              ||     2
       Headbutt          ||     2
 Cast: Beastly Appendage ||     4
  Use: Scroll            ||     1
Dodge: Dodged            ||    17

Table legend:
 A = Spawn XP
 B = Non-spawn XP
 C = Spawn XP percentage of total XP
 D = Spawn monster count
 E = Non-spawn monster count
 F = Spawn count percentage of total count
 G = Total turns spent on level
                    A         B        C        D         E        F      G
               +---------+---------+-------+---------+---------+-------+---------
         Total |       0 |       9 |   0.0 |       0 |       5 |   0.0 |   155
               +---------+---------+-------+---------+---------+-------+---------
           D:1 |       0 |       9 |   0.0 |       0 |       5 |   0.0 |   155
               +---------+---------+-------+---------+---------+-------+---------
